 Dungeon Crawl Stone Soup version 0.19.4 (webtiles) character file.

89 Gargoyl the Skirmisher (level 4, -2/40 HPs)
             Began as a Ghoul Abyssal Knight on Feb 2, 2017.
             Was a Follower of Lugonu.
             Slain by a shadow imp (3 damage)
             ... summoned by Natasha
             ... on level 3 of the Dungeon.
             The game lasted 00:03:11 (1248 turns).

Gargoyl the Skirmisher (Ghoul Abyssal Knight)       Turns: 1248, Time: 00:03:12

Health: -2/40      AC: 14    Str: 15    XL:     4   Next: 55%
Magic:  5/5        EV:  4    Int:  7    God:    Lugonu [*.....]
Gold:   98         SH:  0    Dex:  9    Spells: 0 memorised, 3 levels left

rFire  . . .     SeeInvis .     a - +1 hand axe
rCold  + . .     Gourm    .     q - +0 plate armour
rNeg   + + +     Faith    .     (no shield)
rPois  ∞         Spirit   .     (no helmet)
rElec  .         Reflect  .     (no cloak)
rCorr  .         Harm     .     e - +2 pair of gloves
MR     .....                    (no boots)
Stlth  ..........               (no amulet)
                                (no ring)
                                (no ring)

@: rotting, slowed, very slow
A: rotting body, claws 1, carnivore 3, cold resistance 1, negative energy
resistance 3, slow regeneration 1, torment resistance, unbreathing
a: Depart the Abyss, Renounce Religion


You were on level 3 of the Dungeon.
You worshipped Lugonu.
Lugonu was aware of your devotion.
You were not hungry.

You visited 1 branch of the dungeon, and saw 3 of its levels.
You visited the Abyss 1 time.

You collected 98 gold pieces.

Inventory:

Hand Weapons
 a - a +1 hand axe (weapon)
Missiles
 p - 3 javelins (quivered)
Armour
 e - a +2 pair of gloves (worn)
 q - a +0 plate armour (worn)
Jewellery
 t - an uncursed ring of fire {unknown}
 w - a cursed ring of loudness {unknown}
Scrolls
 g - a scroll of enchant armour {unknown}
 h - a scroll of random uselessness {unknown}
 i - a scroll of identify {unknown}
 k - a scroll of noise {unknown}
 l - a scroll of amnesia {unknown}
 n - a scroll of magic mapping {unknown}
 s - a scroll of remove curse
 v - a scroll of teleportation {unknown}
Potions
 b - a potion of brilliance {unknown}
 d - a potion of ambrosia {unknown}
 f - a potion of haste {unknown}
 m - a potion of resistance {unknown}
 o - 2 potions of invisibility {unknown}
 u - 2 potions of flight {unknown}
Comestibles
 c - 4 meat rations
 j - 2 beef jerkies
 r - a chunk of flesh


   Skills:
 + Level 4.1 Fighting
 + Level 2.7 Axes
 * Level 2.4 Armour
 + Level 0.8 Dodging
 * Level 2.7 Invocations


You had 3 spell levels left.
You didn't know any spells.

Dungeon Overview and Level Annotations

Branches:
Dungeon (3/15)

Altars:
Nemelex Xobeh

Annotations:
D:3 Natasha


Innate Abilities, Weirdness & Mutations

Your body is rotting away.
You thrive on raw meat.
You are immune to poison.
You have sharp fingernails.
You are carnivorous and can eat meat at any time.
Your flesh is cold resistant. (rC+)
You are immune to negative energy. (rN+++)
You regenerate slowly when monsters are visible.
You are immune to unholy pain and torment.
You can survive without breathing.


Message History

The white imp gestures at you. The puff of frost hits you! You resist.
Your plate armour prevents you from hitting Natasha.
Natasha is almost dead.
You hit the white imp but do no damage.
Your plate armour prevents you from hitting the shadow imp.
Natasha claws you.
The white imp hits you but does no damage.
The shadow imp hits you but does no damage.
Natasha barely misses you.
Eat a chunk of flesh? (ye/n/q)
You start eating the chunk of flesh.
The shadow imp hits you but does no damage.
The white imp gestures at you. The puff of frost misses you.
Natasha stares at you and mumbles some strange words.
The magic dart hits you!
* * * LOW HITPOINT WARNING * * *
The shadow imp hits you.
You die...

.................#
.#####..#####.##.#
........# #.##.#
..####.## #.#...
........ ....#
.#####.# #.%.# .#
##..# #..# ..
..#.# #5h# ###
#.#.# #.@# #.#.#
#.5# #.#.# #..# #
#.#.# #..# ##
#.#.# #..#
.####.#.##### #..#
..).).......# #..#
.#.##.###.#.###..#
.#.##.# #....##..#


You could see Natasha, a white imp and a shadow imp.

Vanquished Creatures
  An orc wizard (D:3)
  2 adders (D:2)
  2 worms (D:2)
  4 orcs (D:3)
  A giant cockroach (D:2)
  9 goblins
  7 hobgoblins
  2 bats (D:2)
  A frilled lizard (D:2)
  2 kobolds
  4 rats
35 creatures vanquished.

Notes
Turn   | Place    | Note
-------+----------+-------------------------------------------
     0 | Abyss:1  | Gargoyl the Ghoul Abyssal Knight began the quest for the Orb.
     0 | Abyss:1  | Reached XP level 1. HP: 19/19 MP: 1/1
    87 | Abyss:1  | Noticed a thrashing horror
    89 | D:1      | Escaped the Abyss
   226 | D:1      | Reached * piety under Lugonu
   508 | D:2      | Reached XP level 2. HP: 19/25 MP: 2/2
   634 | D:2      | Reached XP level 3. HP: 20/32 MP: 3/3
   802 | D:2      | Reached skill level 4 in Fighting
   810 | D:2      | Found a sparkling altar of Nemelex Xobeh.
  1126 | D:3      | Reached XP level 4. HP: 40/40 MP: 4/4
  1217 | D:3      | Noticed Natasha
  1248 | D:3      | HP: 1/40 [Natasha/magic dart (12)]
  1248 | D:3      | Slain by a shadow imp

Skill      XL: |  1  2  3 |
---------------+----------+-----
Axes           | 2 |  2.7
Armour         | 2 |  2.4
Fighting       | 4 |  4.1
Dodging        | |  0.8
Invocations    | |  2.7

Action                   |  1- 3 |  4- 6 || total
-------------------------+-------+-------++-------
Melee: Hand axe          |   101 |    47 ||   148
Invok: Depart the Abyss  |     1 |       ||     1
  Use: Scroll            |     1 |       ||     1
  Eat: Chunk             |    16 |    17 ||    33
Armor: Plate armour      |   100 |    81 ||   181
       Leather armour    |     3 |       ||     3
Dodge: Dodged            |    25 |    17 ||    42
